 Dungeon Crawl Stone Soup version 0.29-a0-559-g359e09b9d1 (webtiles) character file.

Game seed: 18027379358167407175

844 Pelinal the Shooter (level 7, -2/37 HPs)
             Began as a Deep Elf Arcane Marksman on June 10, 2022.
             Slain by an iguana (6 damage)
             ... on level 5 of the Dungeon.
             The game lasted 00:11:53 (3873 turns).

Pelinal the Shooter (Deep Elf Arcane Marksman)      Turns: 3873, Time: 00:11:53

Health: -2/37      AC:  6    Str:  7    XL:     7   Next: 68%
Magic:  11/11      EV: 16    Int: 18    God:
Gold:   181        SH:  0    Dex: 17    Spells: 6/9 levels left

rFire   . . .      SeeInvis .   b - +3 dagger (venom)
rCold   . . .      Faith    .   (no shield)
rNeg    . . .      Spirit   .   p - +1 leather armour "Azoxiq" {Slay+3}
rPois   .          Reflect  .   (no helmet)
rElec   .          Harm     .   (no cloak)
rCorr   .          Rampage  .   k - +1 pair of gloves
Will    .....                   (no boots)
Stlth   +++.......              (no amulet)
HPRegen 0.12/turn               g - +4 ring of evasion
MPRegen 0.12/turn               (no ring)

@: mighty
A: no striking features
a: no special abilities


You were on level 5 of the Dungeon.
You visited 1 branch of the dungeon, and saw 5 of its levels.

You collected 181 gold pieces.

Inventory:

Hand Weapons
 a - a +0 shortbow of freezing
 b - a +3 dagger of venom (weapon)
Armour
 k - a +1 pair of gloves (worn)
 o - a +0 robe
 p - the +1 leather armour "Azoxiq" (worn) {Slay+3}
   (You found it on level 3 of the Dungeon)

   Slay:      It affects your accuracy & damage with ranged weapons and melee
   (+3).
Jewellery
 g - a +4 ring of evasion (left hand)
Scrolls
 c - 4 scrolls of vulnerability
 d - 2 scrolls of brand weapon
 s - 2 scrolls of poison
 v - a scroll of identify
Potions
 e - 2 potions of flight
 h - a potion of mutation {unknown}
 i - 3 potions of curing
 l - a potion of ambrosia {unknown}
 m - a potion of degeneration {unknown}
 q - a potion of cancellation {unknown}
 r - a potion of brilliance {unknown}


   Skills:
 - Level 0.7 Fighting
 * Level 7.3 Bows
 - Level 2.4 Dodging
 + Level 4.6 Stealth
 - Level 1.5 Spellcasting
 - Level 4.0 Conjurations
 + Level 4.7 Hexes
 - Level 3.5 Air Magic


You had 6 spell levels left.
You knew the following spells:

 Your Spells              Type           Power      Damage    Failure   Level
a - Slow                  Hex            72%        N/A       4%          1
b - Static Discharge      Conj/Air       15%        N/A       9%          2

Your spell library contained the following spells:

 Spells                   Type           Power      Damage    Failure   Level
 Inner Flame              Hex/Fire       9%         N/A       32%         3
 Portal Projectile        Hex/Tloc       18%        N/A       32%         3
 Cause Fear               Hex            9%         N/A       38%         4
 Silence                  Hex/Air        8%         N/A       82%         5
 Lightning Bolt           Conj/Air       7%         1d20      86%         5
 Passage of Golubria      Tloc           1%         N/A       96%         4
 Lehudib's Crystal Spear  Conj/Erth      4%         10d3      100%        8
 Maxwell's Capacitive Co  Air            7%         ∞         100%        8


Dungeon Overview and Level Annotations

Branches:
Dungeon (5/15)
 Temple: D:4-7

Altars:
Elyvilon


Message History

The dart slug launches a dart at you. The slug dart misses you.
The jelly misses you.
Blink to where?
Press: ? - help, Dir - move target
Found a club.
As you read the scroll labelled TOTEXTEXZID, it crumbles to dust.
It was a scroll of blinking.
The ufetubus hits you.
* * * LOW HITPOINT WARNING * * *
The ufetubus barely misses you.
Unknown command.
You closely miss the ufetubus. The ufetubus barely misses you.
The ufetubus completely misses you.
You hit the ufetubus.
The ufetubus is poisoned.
The ufetubus is heavily wounded.
The ufetubus misses you. The ufetubus completely misses you.
The hound bites you.
* * * LOW HITPOINT WARNING * * *
The ufetubus misses you. The ufetubus hits you.
* * * LOW HITPOINT WARNING * * *
The hound barely misses you.
Unknown command.
You feel better.
You kill the ufetubus!
The hound barely misses you.
Unknown command.
The hound closely misses you. The iguana attacks as you move away!
The iguana bites you.
* * * LOW HITPOINT WARNING * * *
The hound attacks as you move away! The hound barely misses you.
As you read the scroll labelled IRHYSAS GINEGIXA, it crumbles to dust.
It is a scroll of enchant armour.
Your +0 pair of gloves glows green for a moment.
The hound barely misses you. The iguana misses you.
The hound closely misses you.
As you read the scroll labelled GOG ZUTED URU, it crumbles to dust.
It is a scroll of enchant weapon.
Your +2 dagger of venom glows red for a moment.
The hound misses you. The iguana bites you.
You die...

..........###......... .
...........##(.. ...####..
... .........###..#
...#.#.#.... .#.......###..#
##......#....
.#........#.).## ............
........###....# #...........
...)....##.....###...........
.#.........l.................
#......J.wh@...............#
..............#..###.......##
........#.....##.+ #.........
..###...##...##..###......<..
.. #..##...####.##..#.......
.... #..## ####..........
....# #### ####........ ....
###.##.......# #.......#...##


You could see an iguana, a hound, a jelly and a dart slug.

Vanquished Creatures
  A black bear (D:5)
  2 ogres
  2 necrophages (D:5)
  2 scorpions
  A howler monkey (D:5)
  3 hounds
  A jelly (D:5)
  An iguana (D:5)
  Robin (D:2)
  6 adders
  2 ufetubi
  4 dart slugs
  2 orcs
  6 bats
  4 endoplasms
  3 giant cockroaches
  10 hobgoblins
  A jackal (D:5)
  8 kobolds
  2 quokkas
  5 ball pythons
  2 frilled lizards (D:2)
  13 goblins
  5 rats
87 creatures vanquished.

Vanquished Creatures (others)
  A plant (D:4)
1 creature vanquished.

Grand Total: 88 creatures vanquished

Notes
Turn   | Place    | Note
-------+----------+-------------------------------------------
     0 | D:1      | Pelinal the Deep Elf Arcane Marksman began the quest for
                  | the Orb.
     0 | D:1      | Reached XP level 1. HP: 11/11 MP: 5/5
    29 | D:1      | Reached skill level 3 in Bows
   325 | D:1      | Reached XP level 2. HP: 16/16 MP: 6/6
   485 | D:1      | Reached skill level 4 in Bows
   569 | D:1      | Found a faded altar of an unknown god.
  1001 | D:2      | Reached XP level 3. HP: 17/20 MP: 7/7
  1106 | D:2      | Noticed Robin
  1124 | D:2      | Reached skill level 5 in Bows
  1132 | D:2      | Killed Robin
  2013 | D:3      | Reached XP level 4. HP: 24/24 MP: 8/8
  2150 | D:3      | Identified the +1 leather armour "Azoxiq" {Slay+3}
  2166 | D:3      | Learned a level 2 spell: Static Discharge
  2660 | D:4      | Found a white marble altar of Elyvilon.
  2660 | D:4      | Noticed a scorpion
  2800 | D:4      | Reached skill level 1 in Conjurations
  2804 | D:4      | Reached skill level 1 in Air Magic
  2943 | D:4      | Killed a scorpion
  2944 | D:4      | Reached XP level 5. HP: 28/28 MP: 9/9
  3030 | D:4      | Noticed an ogre
  3063 | D:5      | Entered Level 5 of the Dungeon
  3080 | D:5      | Reached skill level 1 in Stealth
  3158 | D:5      | Reached XP level 6. HP: 32/33 MP: 10/10
  3370 | D:5      | Noticed an ice beast
  3712 | D:5      | Reached XP level 7. HP: 37/37 MP: 11/11
  3758 | D:5      | Reached skill level 6 in Bows
  3827 | D:5      | Reached skill level 7 in Bows
  3873 | D:5      | Slain by an iguana

Illustrated notes

Levels and vault maps discovered:
D:1:      minmay_arrival_semitransparent, layout_loops_ring,
          nicolae_ecumenical_lake_church
D:2:      layout_rooms, uniq_robin
D:3:      layout_loops_ring
D:4:      corexii_shack_village, layout_loops_ring, old_standard_altar,
          minmay_temple_entry_statues_fountains, portal_sewer_entry_a
D:5:      cheibrodos_barr_body, layout_cave_pools, kennysheep_mini

Skill      XL: |  1  2  3  4  5  6  7 |
---------------+----------------------+-----
Bows           | 3 4 5 7 |  7.3
Conjurations   | 2 3 4 |  4.0
Air Magic      | 1 2 3 |  3.5
Stealth        | 1 3 4 |  4.6
Fighting       | |  0.7
Dodging        | |  2.4
Spellcasting   | |  1.5
Hexes          | |  4.7

Action                   |  1- 3 |  4- 6 |  7- 9 || total
-------------------------+-------+-------+-------++-------
Melee: Dagger            |    26 |    58 |    35 ||   119
 Fire: Shortbow          |    80 |    39 |     7 ||   126
 Cast: Slow              |    12 |     5 |     5 ||    22
  Use: Potion            |     1 |       |     4 ||     5
       Scroll            |       |     7 |     4 ||    11
 Stab: Sleeping          |       |     1 |       ||     1
Armor: Robe              |     5 |     2 |       ||     7
       Leather armour    |       |     7 |     9 ||    16
Dodge: Dodged            |    24 |    46 |    52 ||   122

Table legend: (Time is in decaauts)
 A = Elapsed time spent in this place.
 B = Non-inter-level travel time spent in this place.
 C = Inter-level travel time spent in this place.
 D = Time resting spent in this place.
 E = Time spent auto-exploring this place.
 F = Levels seen in this place.
 G = Mean time per level.
                   A        B        C        D        E       F      G
               +--------+--------+--------+--------+--------+-----+--------+
         Total |   3897 |   3733 |    164 |    792 |   1971 |   5 |  779.4 |
       Dungeon |   3897 |   3733 |    164 |    792 |   1971 |   5 |  779.4 |
               +--------+--------+--------+--------+--------+-----+--------+

Top non-repeatable levels by time:
     D:1: 1134 daAuts
     D:2: 837 daAuts
     D:5: 723 daAuts
     D:3: 707 daAuts
     D:4: 494 daAuts
